 Dungeon Crawl Stone Soup version 0.31-a0-496-g6f97920a28 (webtiles) character file.

Game seed: 2275605020633217627

14 AstroCodex24 the Trooper (level 2, -4/23 HPs)
             Began as a Vampire Fighter on Aug 8, 2023.
             Slain by an iguana (9 damage)
             ... on level 4 of the Dungeon.
             The game lasted 00:01:44 (414 turns).

AstroCodex24 the Trooper (Vampire Fighter)           Turns: 414, Time: 00:01:45

Health: -4/23      AC:  6    Str: 15    XL:     2   Next: 31%
Magic:  2/2        EV:  8    Int: 10    God:
Gold:   5          SH:  4    Dex: 13    Spells: 1/1 levels left

rFire   . . .        a - +0 war axe
rCold   . . .        c - +0 buckler
rNeg    . . .        b - +0 scale mail
rPois   .            (no helmet)
rElec   .            (no cloak)
rCorr   .            (no gloves)
SInv    +            (no boots)
Will    .....        (no amulet) Stlth
                     (no ring)
HPRegen 0.43/turn    (no ring)
MPRegen 0.08/turn

%: no passive effects
@: healing quickly
A: alive, fangs 3, see invisible, vampiric 1
a: Exsanguinate


You were on level 4 of the Dungeon.
You visited 1 branch of the dungeon, and saw 4 of its levels.

You collected 5 gold pieces.

Inventory:

Hand Weapons
 a - a +0 war axe (weapon)
Armour
 b - a +0 scale mail (worn)
 c - a +0 buckler (worn)
Jewellery
 e - an amulet of the acrobat
Scrolls
 f - a scroll of identify {unknown}
 h - a scroll of enchant weapon {unknown}
 i - a scroll of revelation {unknown}
Potions
 d - 2 potions of might
 g - a potion of ambrosia {unknown}
 j - a potion of curing {unknown}


   Skills:
 + Level 2.9 Fighting
 + Level 1.9 Axes
 + Level 2.5 Armour
 + Level 0.3 Dodging
 + Level 2.9 Shields


You had one spell level left.
You didn't know any spells.
Your spell library was empty.

Dungeon Overview and Level Annotations

Branches:
Dungeon (4/15)
 Temple: D:4-7

Altars:
Makhleb
Uskayaw


Innate Abilities, Weirdness & Mutations

Your natural rate of healing is accelerated.
You have razor-sharp teeth.
You have supernaturally acute eyesight. (SInv)
You are afflicted with vampirism.


Message History

The ball python is moderately wounded.
You barely miss the giant cockroach.
The ball python bites you but does no damage.
The ball python constricts you.
The giant cockroach bites you but does no damage.
The ball python bites you but does no damage.
The ball python constricts you.
The giant cockroach bites you but does no damage.
You barely miss the ball python. Your bite misses the ball python.
The ball python is moderately wounded.
You hit the giant cockroach.
You kill the giant cockroach!
The ball python bites you. The ball python constricts you.
The ball python barely misses you. The ball python constricts you.
You closely miss the ball python. You bite the ball python.
You kill the ball python!
An iguana comes into view.
The iguana hisses angrily.
Found 13 gold pieces.
You completely miss the iguana. The iguana bites you.
You barely miss the iguana. You block the iguana's attack.
You closely miss the iguana. The iguana closely misses you.
The iguana bites you.
You hit the iguana but do no damage. The iguana bites you!
You slash the iguana!
The iguana is heavily wounded.
The iguana bites you!
* * * LOW HITPOINT WARNING * * *
The iguana bites you.
* * * LOW HITPOINT WARNING * * *
You hit the iguana but do no damage.
The iguana is heavily wounded.
The iguana bites you but does no damage.
You closely miss the iguana.
The iguana is heavily wounded.
You block the iguana's attack. x2
You barely miss the iguana.
The iguana is heavily wounded.
The iguana bites you!
You die...

#.##..........
##..=.......#
#...#.......##
##............##.
#................
###.....†......#
##.....!....##
#..........#
##.@..._..##
#..l........
#....⌠.......
...[..........
...#._........
#$.#............
.#######...##..
#### ..


You could see an iguana.

Vanquished Creatures
  A worm (D:2)
  A dart slug (D:1)
  2 ball pythons
  A giant cockroach (D:4)
  A hobgoblin (D:1)
  A frilled lizard (D:1)
  A kobold (D:3)
  3 rats
11 creatures vanquished.

Notes
Turn   | Place    | Note
-------+----------+-------------------------------------------
     0 | D:1      | AstroCodex24 the Vampire Fighter began the quest for the
                  | Orb.
     0 | D:1      | Reached XP level 1. HP: 17/17 MP: 1/1
   152 | D:1      | Found a faded altar of an unknown god.
   277 | D:2      | Reached XP level 2. HP: 23/23 MP: 2/2
   393 | D:4      | Found a burning altar of Makhleb.
   393 | D:4      | Found a hide-covered altar of Uskayaw.
   414 | D:4      | Slain by an iguana

Illustrated notes

Levels and vault maps discovered:
D:1:      sevenhm_arrival_forest_fort_small_6, layout_basic, serial_shops,
          nicolae_shop_just_a_little_nook,
          shapermc_ecumenical_altar_totnotflames, grunt_decor_fettered,
          minmay_tetromino_o4
D:2:      layout_basic, kennysheep_small_spiral
D:3:      kennysheep_goblin_castle, layout_loops_ring,
          yredelemnul_altar_generic, zin_statuary
D:4:      layout_layer_cave, nicolae_tso_carved_into_rock,
          grunt_temple_overflow_open, minmay_temple_entry_drinking_statues,
          hangedman_decor_opposing, hangedman_decor_push,
          kennysheep_generic_room_10

Action                     || total
---------------------------++-------
  Melee: War axe           ||    40
         Bite              ||     5
 Armour: Scale mail        ||    22
  Dodge: Dodged            ||    16
  Block: Buckler           ||    15

Table legend: (Time is in decaauts)
 A = Elapsed time spent in this place.
 B = Non-inter-level travel time spent in this place.
 C = Inter-level travel time spent in this place.
 D = Time resting spent in this place.
 E = Time spent auto-exploring this place.
 F = Levels seen in this place.
 G = Mean time per level.
                   A        B        C        D        E       F      G
               +--------+--------+--------+--------+--------+-----+--------+
         Total |    430 |    391 |     39 |      0 |      0 |   4 |  107.5 |
       Dungeon |    430 |    391 |     39 |      0 |      0 |   4 |  107.5 |
               +--------+--------+--------+--------+--------+-----+--------+

Top non-repeatable levels by time:
     D:1: 246 daAuts
     D:3: 90 daAuts
     D:2: 67 daAuts
     D:4: 25 daAuts
